 Dungeon Crawl Stone Soup version 0.30-a0-591-g3c58d2bc28 (webtiles) character file.

Game seed: 8399923477757186867

2727 Adrian566 the Carver (level 9, -1/68 HPs)
             Began as a Demonspawn Gladiator on Jan 6, 2023.
             Was a Priest of Trog.
             Constricted to death by Maggie (7 damage)
             ... on level 6 of the Dungeon.
             The game lasted 00:05:52 (5595 turns).

Adrian566 the Carver (Demonspawn Gladiator)         Turns: 5595, Time: 00:05:52

Health: -1/68      AC: 10    Str: 13    XL:     9   Next: 40%
Magic:  9/9        EV: 11    Int: 18    God:    Trog [***...]
Gold:   276        SH:  0    Dex: 18    Spells: 8/8 levels left

rFire   . . .      SeeInvis .    a - +0 long sword (freeze)
rCold   . . .      Faith    .    (no shield)
rNeg    . . .      Spirit   .    s - +3 leather armour of Emihisk {Int+4}
rPois   .          Reflect  .    c - +0 helmet
rElec   .          Harm     .    y - +0 cloak
rCorr   +          Rampage  .    p - +0 pair of gloves
Will    .....                    (no boots)
Stlth   ++                       (no amulet)
HPRegen 0.31/turn                j - ring of resist corrosion
MPRegen 0.11/turn                (no ring)

@: grasped by roots, hasted, constricted, very quick
A: hooves 1, demonic guardian 1, weakness stinger 1, demonic touch 1, clever 1,
wild magic 1
a: Renounce Religion, Berserk, Trog's Hand


You were on level 6 of the Dungeon.
You worshipped Trog.
Trog was most pleased with you.
You visited 1 branch of the dungeon, and saw 6 of its levels.
You also visited: Sewer and Ossuary.

You collected 276 gold pieces.

Inventory:

Hand Weapons
 a - a +0 long sword of freezing (weapon)
 t - a +3 long sword
Missiles
 d - 3 throwing nets (quivered)
 e - a javelin
 A - 3 silver javelins
Armour
 c - a +0 helmet (worn)
 p - a +0 pair of gloves (worn)
 s - the +3 leather armour of Emihisk (worn) {Int+4}
   (You found it on level 2 of the Dungeon)

   Int:       It affects your intelligence (+4).
 y - a +0 cloak (worn)
Jewellery
 j - a ring of resist corrosion (left hand)
Wands
 b - a wand of quicksilver (14)
 x - a wand of polymorph (9)
 B - a wand of roots (7)
Scrolls
 f - 2 scrolls of magic mapping
 g - 2 scrolls of enchant weapon {unknown}
 k - 4 scrolls of identify
 o - 4 scrolls of teleportation
 q - a scroll of fear {unknown}
 r - a scroll of vulnerability
 w - 2 scrolls of amnesia {unknown}
 C - a scroll of noise {unknown}
Potions
 h - 3 potions of brilliance
 i - a potion of magic {unknown}
 l - a potion of heal wounds
 m - 2 potions of flight
 n - 8 potions of curing
 v - 2 potions of invisibility {unknown}
 z - 3 potions of attraction {unknown}


   Skills:
 + Level 5.6 Fighting
 + Level 8.8 Long Blades
 + Level 1.8 Throwing
 + Level 4.1 Armour
 + Level 5.2 Dodging
 + Level 2.5 Stealth


You had 8 spell levels left.
You didn't know any spells.
Your spell library contained the following spells:

 Spells                   Type           Power      Damage    Failure   Level
 Magic Dart               Conj           0%         1d3       34%         1
 Call Imp                 Summ           0%         N/A       47%         2
 Inner Flame              Hex/Fire       0%         N/A       71%         3
 Mephitic Cloud           Conj/Pois/Air  0%         N/A       71%         3
 Flame Wave               Conj/Fire      0%         2d4       97%         4
 Sticky Flame             Conj/Fire      0%         2d3       97%         4


Dungeon Overview and Level Annotations

Branches:
Dungeon (6/15)             Temple (0/1) D:6           Sewer (visited)
Ossuary (visited)

Altars:
Cheibriados
Trog
Wu Jian
Xom
Yredelemnul

Shops:
D:3 *(

Annotations:
D:6 Maggie


Innate Abilities, Weirdness & Mutations

You have large cloven feet.
A weak demonic guardian rushes to your aid.
You have a small tail.
Your touch may inflict minor irresistible damage on your foes.
Your mind is acute. (Int +4, Str/Dex -1)
Your spells are a little harder to cast, but a little more powerful.


Message History

Maggie is moderately wounded.
You hit Maggie. You freeze Maggie. You kick Maggie, but do no damage.
You touch Maggie!
Maggie is heavily wounded.
Maggie points at you and mumbles some strange words.
The bolt of fire hits you.
You hit Maggie. You freeze Maggie.
Maggie is heavily wounded.
Maggie zaps a wand.
The roots erupt in riotous growth!
The grasping roots grab you!
Maggie is unaffected.
The grasping roots constrict you.
You hit Maggie. You freeze Maggie. Your kick misses Maggie.
You tail-slap Maggie, but do no damage.
Maggie is severely wounded.
You barely miss Maggie.
Maggie is severely wounded.
Maggie hits you with a +1 broad axe of flaming.
Maggie burns you. The grasping roots constrict you.
The grasping roots release their grip on you.
You slash Maggie! You freeze Maggie.
Your tail-slap misses Maggie.
Maggie is almost dead.
Maggie zaps a wand.
The roots erupt in riotous growth!
The grasping roots grab you!
Maggie is unaffected.
The grasping roots constrict you.
You barely miss Maggie. You kick Maggie, but do no damage.
You tail-slap Maggie.
Maggie is almost dead.
You closely miss Maggie. You kick Maggie, but do no damage.
Maggie is almost dead.
Maggie barely misses you. The grasping roots constrict you!
* * * LOW HITPOINT WARNING * * *
You feel much better.
You barely miss Maggie. You tail-slap Maggie, but do no damage.
Maggie is almost dead.
Maggie hits you with a +1 broad axe of flaming!!
* * * LOW HITPOINT WARNING * * *
Maggie burns you!
* * * LOW HITPOINT WARNING * * *
A demonic guardian appears!
The grasping roots constrict you!
You die...

#.######.#######....
#.........###
########### #
#.......#### #
#.#####.#... #.
#.###...(... #5###
#..##.#.#... #S@.#
##.##.#.#### #@#
#.##.#.# # #.#
#.##.#.# # #.#
#.##.#.# # #.#
#.##.#.####
##.######.##.#....†
#.......(#...######
#..######.#### #
#..# #.# #..# #.#


You could see Maggie, a water moccasin (ally target) and a friendly ufetubus
(summoned).

Vanquished Creatures
  A gargoyle (D:6)
  Grinder (D:5)
  Prince Ribbit (D:6)
  A water moccasin (D:5)
  Duvessa (D:5)
  An ice beast (D:5)
  2 ogres (D:5)
  2 kobold brigands
  3 necrophages
  A water moccasin zombie (Ossuary)
  5 wights
  Dowan (D:5)
  A howler monkey (D:5)
  A bullfrog zombie (Ossuary)
  5 centaur zombies (Ossuary)
  3 hounds
  A jelly (D:4)
  Crazy Yiuf (D:4)
  A gnoll bouda (D:4)
  4 iguanas
  Ijyb (D:5)
  12 gnolls
  9 adders
  2 river rats
  A white imp (D:4)
  2 ufetubi
  3 adder zombies (Ossuary)
  3 worms
  4 dart slugs
  6 orcs
  6 endoplasms
  3 giant cockroaches
  5 gnoll zombies (Ossuary)
  9 goblins
  A hobgoblin (D:2)
  10 jackals
  6 kobolds
  7 quokkas
  8 ball pythons
  4 frilled lizards
  5 goblin zombies (Ossuary)
  2 hobgoblin zombies (Ossuary)
  A kobold zombie (D:4)
  3 orc zombies (Ossuary)
  8 rats
158 creatures vanquished.

Notes
Turn   | Place    | Note
-------+----------+-------------------------------------------
     0 | D:1      | Adrian566 the Demonspawn Gladiator began the quest for the
                  | Orb.
     0 | D:1      | Reached XP level 1. HP: 16/16 MP: 1/1
   256 | D:1      | Discovered your monstrous ancestry.
   256 | D:1      | Gained mutation: Your touch may inflict minor irresistible
                  | damage on your foes. [demonic ancestry]
   256 | D:1      | Reached XP level 2. HP: 19/22 MP: 2/2
   395 | D:1      | Reached skill level 3 in Long Blades
   703 | D:1      | Gained mutation: You have a small tail. [demonic ancestry]
   703 | D:1      | Reached XP level 3. HP: 27/27 MP: 3/3
   965 | D:2      | Reached skill level 1 in Armour
  1130 | D:2      | Reached XP level 4. HP: 33/33 MP: 4/4
  1138 | D:2      | Identified the +3 leather armour of Emihisk {Int+4}
  1403 | D:3      | Found Kyupsar's Weapon Shop.
  1520 | D:3      | Found a glowing drain.
  1524 | Sewer    | Entered a sewer
  1606 | Sewer    | Noticed a kobold brigand
  1619 | Sewer    | Gained mutation: Your spells are a little harder to cast,
                  | but a little more powerful. [potion of mutation]
  1619 | Sewer    | Gained mutation: Your mind is acute. (Int +4, Str/Dex -1)
                  | [potion of mutation]
  1630 | Sewer    | Killed a kobold brigand
  1631 | Sewer    | Reached skill level 4 in Long Blades
  1631 | Sewer    | Gained mutation: You have large cloven feet. [demonic
                  | ancestry]
  1631 | Sewer    | Reached XP level 5. HP: 6/39 MP: 5/5
  1974 | D:3      | Found Kyjiunenn's Assorted Antiques.
  2129 | D:3      | Found a faded altar of an unknown god.
  2565 | D:3      | Reached XP level 6. HP: 45/46 MP: 6/6
  2572 | D:3      | Prayed at the altar of an unknown god.
  2572 | D:3      | Became a worshipper of Trog the Wrathful
  2572 | D:3      | Reached * piety under Trog
  2667 | D:4      | Found a sand-covered staircase.
  2678 | Ossuary  | Entered an ossuary
  2691 | Ossuary  | Reached skill level 1 in Stealth
  2756 | Ossuary  | Reached skill level 5 in Long Blades
  2809 | Ossuary  | Reached ** piety under Trog
  2810 | Ossuary  | Reached XP level 7. HP: 51/52 MP: 7/7
  2911 | Ossuary  | Noticed a silent spectre
  2980 | D:4      | Reached skill level 6 in Long Blades
  3165 | D:4      | Found a runed translucent door.
  3166 | D:4      | Noticed Crazy Yiuf
  3483 | D:4      | Killed Crazy Yiuf
  3549 | D:5      | Entered Level 5 of the Dungeon
  3619 | D:5      | Noticed Ijyb
  3625 | D:5      | Killed Ijyb
  3762 | D:5      | Noticed Duvessa
  3765 | D:5      | Gained mutation: A weak demonic guardian rushes to your
                  | aid. [demonic ancestry]
  3765 | D:5      | Reached XP level 8. HP: 60/60 MP: 8/8
  3823 | D:5      | Reached *** piety under Trog
  3837 | D:5      | Noticed Dowan
  3842 | D:5      | Killed Duvessa
  3848 | D:5      | Killed Dowan
  3849 | D:5      | Reached skill level 7 in Long Blades
  3899 | D:5      | Noticed Grinder
  3919 | D:5      | Killed Grinder
  4308 | D:5      | Found a basalt altar of Yredelemnul.
  4308 | D:5      | Found a shimmering altar of Xom.
  4311 | D:5      | Found a snail-covered altar of Cheibriados.
  4466 | D:5      | Reached skill level 5 in Fighting
  4466 | D:5      | Reached skill level 8 in Long Blades
  4816 | D:6      | Reached XP level 9. HP: 57/68 MP: 9/9
  4861 | D:6      | Reached skill level 5 in Dodging
  5056 | D:6      | Found a staircase to the Ecumenical Temple.
  5100 | D:6      | Noticed a gargoyle
  5104 | D:6      | Found an ornate altar of the Wu Jian Council.
  5107 | D:6      | Killed a gargoyle
  5405 | D:6      | Noticed Prince Ribbit
  5412 | D:6      | Killed Prince Ribbit
  5578 | D:6      | Noticed Maggie
  5595 | D:6      | Constricted to death by Maggie

Illustrated notes

Levels and vault maps discovered:
D:1:      enne_arrival_octagon_isle, layout_basic, serial_aquarium,
          aquarium_bridge_long_joined [aquarium_subvault_wall,
          aquarium_subvault_bridge, aquarium_subvault_bridge,
          aquarium_subvault_bridge, aquarium_subvault_wall,
          aquarium_subvault_bridge], aquarium_bridge_straight
          [aquarium_subvault_bridge, aquarium_subvault_wall,
          aquarium_subvault_bridge, aquarium_subvault_window],
          aquarium_window_2, aquarium_window_fake, aquarium_window_fake,
          aquarium_window_fake, aquarium_view_2c, aquarium_balcony_1a,
          aquarium_pool_side, minmay_hexomino_p4
D:2:      layout_basic
D:3:      layout_loops_corners, serial_shops, shop, nicolae_lakefront_shop,
          basic_ecumenical_altar, gup_sewer_entry_spiral, reono_crystal_passage
D:4:      layout_cave_pools, enter_ossuary_3, minivault_23,
          uniq_crazy_yiuf_cottage
D:5:      layout_loops_cross, minitemple, uniq_grinder, uniq_ijyb, uniq_duvessa
D:6:      layout_loops_ring, lemuel_crystal_altar,
          minmay_temple_entry_gardened_gates, uniq_blork_the_orc, uniq_maggie,
          uniq_prince_ribbit1

Skill      XL: |  1  2  3  4  5  6  7  8  9 |
---------------+----------------------------+-----
Dodging        | 3 4 5 |  5.2
Long Blades    | 3 4 5 6 8 |  8.8
Armour         | 1 2 3 4 |  4.1
Stealth        | 1 2 |  2.5
Fighting       | 3 5 |  5.6
Throwing       | |  1.8

Action                   |  1- 3 |  4- 6 |  7- 9 || total
-------------------------+-------+-------+-------++-------
Melee: Long sword        |    83 |   171 |   188 ||   442
       Touch             |    13 |    24 |    34 ||    71
       Tailslap          |     3 |    12 |    32 ||    47
       Kick              |       |    23 |    64 ||    87
       Punch             |       |       |     1 ||     1
Invok: Berserk           |       |       |     1 ||     1
  Use: Potion            |     1 |     5 |     7 ||    13
       Scroll            |       |     5 |       ||     5
 Stab: Sleeping          |       |     2 |     2 ||     4
Armor: Leather armour    |    31 |    52 |    59 ||   142
       Skin              |       |     1 |       ||     1
Dodge: Dodged            |    63 |   123 |   127 ||   313

Table legend: (Time is in decaauts)
 A = Elapsed time spent in this place.
 B = Non-inter-level travel time spent in this place.
 C = Inter-level travel time spent in this place.
 D = Time resting spent in this place.
 E = Time spent auto-exploring this place.
 F = Levels seen in this place.
 G = Mean time per level.
                   A        B        C        D        E       F      G
               +--------+--------+--------+--------+--------+-----+--------+
         Total |   5719 |   5526 |    193 |      9 |   4354 |   8 |  714.9 |
       Dungeon |   5079 |   4886 |    193 |      9 |   3928 |   6 |  846.5 |
         Sewer |    358 |    358 |      0 |      0 |    274 |   1 |  358.0 |
       Ossuary |    281 |    281 |      0 |      0 |    152 |   1 |  281.0 |
               +--------+--------+--------+--------+--------+-----+--------+

Top non-repeatable levels by time:
     D:5: 1272 daAuts
     D:3: 972 daAuts
     D:1: 954 daAuts
     D:6: 789 daAuts
     D:4: 686 daAuts
     D:2: 403 daAuts
   Sewer: 358 daAuts
 Ossuary: 281 daAuts
